 Dungeon Crawl Stone Soup version 0.31-a0-1204-ge2c1a860ed (webtiles) character file.

Game seed: 3140489806619501771

21483 avis the Severer (level 12, 0/119 HPs)
             Began as a Hill Orc Monk on Dec 13, 2023.
             Was a Priest of Beogh.
             Slain by a skyshark (6 damage)
             ... on level 2 of the Lair of Beasts.
             The game lasted 01:41:22 (19665 turns).

avis the Severer (Hill Orc Monk)                   Turns: 19665, Time: 01:41:22

Health: 0/119      AC: 11    Str: 23    XL:     12   Next: 90%
Magic:  16/19      EV: 13    Int: 15    God:    Beogh [***...]
Gold:   852        SH:  0    Dex: 18    Spells: 9/11 levels left

rFire   . . .        a - +5 executioner's axe of Netuok {freeze, rC+ Str+3 Int+3}
rCold   + . .        (shield currently unavailable)
rNeg    . . .        t - +2 ring mail of Spring Thaw {Str+3 Dex+5}
rPois   +            (no helmet)
rElec   .            F - +0 cloak
rCorr   .            (no gloves)
SInv    .            q - +1 pair of boots
Will    .....        (no amulet)
Stlth   +            g - ring of wizardry
HPRegen 0.39/turn    H - ring of poison resistance
MPRegen 0.16/turn

%: wizardry (x1)
@: no status effects
A: no striking features
a: Renounce Religion, Smiting


You were on level 2 of the Lair of Beasts.
You worshipped Beogh.
Beogh was most pleased with you.
You visited 3 branches of the dungeon, and saw 13 of its levels.
You also visited: Sewer, Ossuary and Bailey.

You collected 852 gold pieces.

Inventory:

Hand Weapons
 a - the +5 executioner's axe of Netuok (weapon) {freeze, rC+ Str+3 Int+3}
   (You acquired it in a bailey)

   Str+3:     It affects your strength (+3).
   Int+3:     It affects your intelligence (+3).
   rC+:       It protects you from cold.
 b - a +1 sling of electrocution
 h - a +0 trident
 k - a +0 trident
 o - a +0 broad axe
 w - a +3 broad axe
Missiles
 j - 5 poisoned darts
 T - a throwing net
Armour
 q - a +1 pair of boots (worn)
 t - the +2 ring mail of Spring Thaw (worn) {Str+3 Dex+5}
   (You found it in a bailey)

   Str+3:     It affects your strength (+3).
   Dex+5:     It affects your dexterity (+5).
 F - a +0 cloak (worn)
Jewellery
 f - a ring of resist corrosion
 g - a ring of wizardry (left hand)
 H - a ring of poison resistance (right hand)
 I - a +6 ring of intelligence
Wands
 l - a wand of paralysis (9)
 v - a wand of flame (14)
 R - a wand of mindburst (26)
Scrolls
 d - a scroll of identify
 e - a scroll of fog
 i - 9 scrolls of teleportation
 u - a scroll of vulnerability
 E - 4 scrolls of revelation
 J - 2 scrolls of silence
 N - 2 scrolls of poison
Potions
 c - a potion of ambrosia
 m - a potion of curing
 n - 7 potions of resistance
 p - 2 potions of cancellation
 r - 2 potions of berserk rage
 s - a potion of might {unknown}
 x - 2 potions of haste
 z - 6 potions of lignification
 K - 2 potions of magic
 L - 2 potions of enlightenment
 M - 7 potions of heal wounds
 Y - 3 potions of brilliance


   Skills:
 - Level 15.0 Fighting
 * Level 17.9 Axes
 - Level 5.0 Armour
 - Level 5.0 Dodging
 - Level 10.0 Invocations


You had 9 spell levels left.
You knew the following spells:

 Your Spells              Type           Power      Damage    Failure   Level
b - Blink                 Tloc           0%         N/A       24%         2

Your spell library contained the following spells:

 Spells                   Type           Power      Damage    Failure   Level
 Sting                    Tmut/Pois      0%         1d3       16%         1
 Cigotuvi's Dreadful Rot  Necr/Pois/Air  0%         N/A       24%         2
 Poisonous Vapours        Pois/Air       0%         N/A       24%         2
 Wereblood                Tmut           0%         N/A       24%         2
 Dazzling Flash           Conj/Hex       0%         N/A       43%         3
 Ignite Poison            Fire/Tmut/Pois 0%         N/A       43%         3
 Inner Flame              Hex/Fire       0%         N/A       43%         3
 Volatile Blastmotes      Fire/Tloc      0%         2d10      43%         3
 Manifold Assault         Tloc           0%         N/A       82%         4
 Olgreb's Toxic Radiance  Pois           0%         N/A       82%         4
 Freezing Cloud           Conj/Ice/Air   0%         6-21      98%         5
 Irradiate                Conj/Tmut      0%         3d11      98%         5
 Yara's Violent Unravell  Hex/Tmut       0%         3d3       98%         5
 Dispersal                Tloc           0%         N/A       100%        6
 Starburst                Conj/Fire      0%         6d3       100%        6
 Enfeeble                 Hex            0%         N/A       100%        7
 Disjunction              Tloc           0%         N/A       100%        8
 Maxwell's Capacitive Co  Air            0%         ∞         100%        8


Dungeon Overview and Level Annotations

Branches:
Dungeon (10/15)            Temple (1/1) D:7            Lair (2/5) D:8
 Shoals (0/4) Lair:2        Snake (0/4) Lair:2          Orc (0/2) D:10
  Sewer (visited)         Ossuary (visited)          Bailey (visited)

Altars:
Ashenzari
Cheibriados
Dithmenos
Elyvilon
Fedhas
Gozag
Hepliaklqana
Kikubaaqudgha
Makhleb
Nemelex Xobeh
Okawaru
Qazlal
Ru
Sif Muna
Trog
Uskayaw
Vehumet
Wu Jian
Xom
Yredelemnul
Zin
The Shining One

Shops:
D:2 =   D:3 *   D:10 !

Annotations:
D:3 1 runed translucent door, lucidstorm14's ghost, weakling MiFi


Message History

The skyshark tail-slaps you but does no damage.
The skyshark barely misses you.
You slice the skyshark!! You freeze the skyshark.
The skyshark is moderately wounded.
The skyshark bites you! The skyshark closely misses you.
The skyshark misses you.
You slash the skyshark! You freeze the skyshark.
The skyshark is heavily wounded.
The skyshark misses you. The skyshark tail-slaps you.
The skyshark barely misses you. x2; The skyshark tail-slaps you. x2
You hit the skyshark but do no damage.
The skyshark is heavily wounded.
The skyshark bites you. The skyshark misses you. The skyshark tail-slaps you!
You slash the skyshark!
The skyshark seems to slow down.
You freeze the skyshark.
The skyshark is heavily wounded.
The skyshark bites you!
The skyshark tail-slaps you but does no damage.
The skyshark completely misses you.
You hit the skyshark but do no damage.
The skyshark is heavily wounded.
The skyshark bites you! The skyshark closely misses you.
The skyshark tail-slaps you!
* * * LOW HITPOINT WARNING * * *
You slice the skyshark!!
The skyshark seems to slow down.
You freeze the skyshark!
The skyshark is severely wounded.
The skyshark bites you!
* * * LOW HITPOINT WARNING * * *
The skyshark closely misses you. The skyshark tail-slaps you.
* * * LOW HITPOINT WARNING * * *
Aiming: Smiting
Press: ? - help, Dir - move target, f/p - skyshark Smite: a skyshark (severely wounded, berserk, slow)
You smite the skyshark!
The skyshark is almost dead.
The skyshark bites you!
* * * LOW HITPOINT WARNING * * *
The skyshark tail-slaps you.
You die...

..........#
..........##
...........#
.......##..#
......####.##
..#...
##.####
##.#..
#....##
...###
###^..## .P
#P##@# P
###F#.# ...
## #P##. # ##


You could see a skyshark (berserk, slow).

Vanquished Creatures
  A hydra (Lair:2)
  2 two-headed ogres (D:10)
  A boulder beetle (Lair:2)
  2 orc knights (Bailey)
  Pikel (D:6)
  A black mamba (Lair:1)
  2 rime drakes
  4 cane toads
  Maggie (D:6)
  Jeremiah (D:6)
  4 komodo dragons
  2 kobold demonologists (Bailey)
  Prince Ribbit (D:6)
  A merfolk (Lair:2)
  A hornet (D:8)
  4 blink frogs
  2 vampires
  2 shadows (D:10)
  A wraith (D:10)
  6 wyverns
  21 yaks
  A basilisk (Lair:1)
  A steam dragon (D:6)
  3 nagas (Lair:2)
  5 water moccasins
  3 ice beasts
  3 sky beasts
  A black bear (D:5)
  8 orc warriors
  An ogre (D:7)
  8 wolves
  4 centaurs
  3 phantoms
  3 kobold brigands
  2 elf zombies (Ossuary)
  16 bullfrogs
  2 scorpions
  11 wights
  A killer bee (D:7)
  4 electric eels (Bailey)
  6 howler monkeys
  4 crimson imps (D:10)
  2 gnoll boudas
  5 hounds
  2 orc priests
  3 sleepcaps
  7 orc wizards
  8 iguanas
  3 mummies (Ossuary)
  18 gnolls
  13 adders
  4 river rats
  A shadow imp (D:6)
  A white imp (D:6)
  4 ufetubi
  2 adder zombies (Ossuary)
  5 worms (D:3)
  6 dart slugs (D:1)
  29 orcs
  6 endoplasms
  6 giant cockroaches
  15 goblins
  16 hobgoblins
  13 kobolds
  5 quokkas
  15 ball pythons
  6 bats
  3 frilled lizards
  A gnoll zombie (Ossuary)
  4 goblin zombies (Ossuary)
  A hobgoblin zombie (Ossuary)
  A kobold zombie (Ossuary)
  An orc zombie (Ossuary)
  4 quokka zombies (Ossuary)
  22 rats
  2 rat zombies (Ossuary)
385 creatures vanquished.

Vanquished Creatures (collateral kills)
  A wyvern (D:8)
  An orc warrior (Bailey)
  A howler monkey (D:8)
  3 orc priests (D:8)
  A gnoll (Bailey)
  2 orcs
9 creatures vanquished.

Vanquished Creatures (others)
  2 orc warriors (Bailey)
  2 orc wizards (D:8)
  8 orcs
12 creatures vanquished.

Grand Total: 406 creatures vanquished

Notes
Turn   | Place    | Note
-------+----------+-------------------------------------------
     0 | D:1      | avis the Hill Orc Monk began the quest for the Orb.
     0 | D:1      | Reached XP level 1. HP: 19/19 MP: 1/1
    74 | D:1      | Reached XP level 2. HP: 19/28 MP: 2/2
   379 | D:1      | Reached XP level 3. HP: 32/35 MP: 3/3
   381 | D:1      | Reached skill level 5 in Fighting
  1170 | D:2      | Reached XP level 4. HP: 44/44 MP: 4/4
  1549 | D:2      | Found Ficowu Orchut's Jewellery Shop.
  2145 | D:2      | Reached XP level 5. HP: 35/51 MP: 5/5
  2677 | D:3      | Found Coriadod's General Store.
  2779 | D:3      | Found a faded altar of an unknown god.
  2921 | D:3      | Found a snail-covered altar of Cheibriados.
  3191 | D:3      | Found a glowing golden altar of the Shining One.
  3208 | D:3      | Found a runed translucent door.
  3212 | D:3      | Noticed lucidstorm14's ghost (weakling MiFi)
  3374 | D:3      | Reached XP level 6. HP: 60/61 MP: 6/6
  3660 | D:4      | Found a sand-covered staircase.
  3664 | Ossuary  | Entered an ossuary
  3883 | Ossuary  | Reached XP level 7. HP: 48/70 MP: 7/7
  4517 | D:4      | Reached skill level 10 in Fighting
  4520 | D:4      | Reached skill level 1 in Armour
  4661 | D:4      | Became a worshipper of Beogh the Brigand
  4661 | D:4      | Reached * piety under Beogh
  4661 | D:4      | Reached ** piety under Beogh
  4824 | D:4      | Found a white marble altar of Elyvilon.
  5237 | D:5      | Entered Level 5 of the Dungeon
  5408 | D:5      | Found a glowing silver altar of Zin.
  5487 | D:5      | Reached XP level 8. HP: 63/79 MP: 8/8
  5599 | D:5      | Reached skill level 5 in Armour
  5599 | D:5      | Reached skill level 1 in Invocations
  5720 | D:5      | Found an opulent altar of Gozag.
  5926 | D:5      | Found a bloodstained altar of Trog.
  5930 | D:5      | Found a shimmering blue altar of Sif Muna.
  6147 | D:5      | Reached skill level 5 in Invocations
  6279 | D:6      | Noticed Jeremiah
  6294 | D:6      | Killed Jeremiah
  6341 | D:6      | Noticed Prince Ribbit
  6373 | D:6      | Reached XP level 9. HP: 47/85 MP: 15/15
  6460 | D:6      | Found a glowing drain.
  6464 | Sewer    | Entered a sewer
  7510 | D:6      | Reached skill level 10 in Invocations
  7537 | D:6      | Killed Prince Ribbit
  7538 | D:6      | Reached skill level 5 in Axes
  7879 | D:6      | Noticed Maggie
  7886 | D:6      | Killed Maggie
  7983 | D:6      | Noticed Pikel
  8003 | D:6      | Killed Pikel
  8004 | D:6      | Reached skill level 5 in Dodging
  8004 | D:6      | Reached XP level 10. HP: 73/95 MP: 10/17
  8789 | D:7      | Reached *** piety under Beogh
  9272 | D:7      | Found an ancient bone altar of Kikubaaqudgha.
  9496 | D:7      | Found a staircase to the Ecumenical Temple.
  9519 | Temple   | Entered the Ecumenical Temple
 10781 | D:7      | Reached XP level 11. HP: 108/111 MP: 18/18
 10801 | D:8      | Reached **** piety under Beogh
 10802 | D:8      | Reached skill level 15 in Fighting
 10965 | D:8      | Found a staircase to the Lair.
 11089 | D:8      | Found a stormy altar of Qazlal.
 11107 | D:8      | Reached skill level 6 in Axes
 11136 | D:8      | Found a hide-covered altar of Uskayaw.
 11137 | D:8      | Found a burning altar of Makhleb.
 11208 | D:8      | Found a hazy altar of Hepliaklqana.
 11443 | D:9      | You fall into a shaft and drop 1 floor!
 11443 | D:10     | Entered Level 10 of the Dungeon
 11457 | D:10     | Found a broken altar of Ashenzari.
 11464 | D:10     | Found Qotod's Distillery.
 11468 | D:10     | Noticed a two-headed ogre
 11478 | D:10     | Killed a two-headed ogre
 11479 | D:10     | Reached skill level 7 in Axes
 11809 | D:10     | Found a flagged portal.
 11836 | Bailey   | Entered a bailey
 12284 | Bailey   | Reached skill level 8 in Axes
 12399 | Bailey   | Noticed a sixfirhy
 12709 | Bailey   | Noticed an orc knight
 12719 | Bailey   | Noticed a soul eater
 12722 | Bailey   | Killed an orc knight
 12723 | Bailey   | Reached skill level 9 in Axes
 12729 | Bailey   | Found an iron altar of Okawaru.
 12776 | Bailey   | Reached skill level 10 in Axes
 13421 | Bailey   | Identified the +2 ring mail of Spring Thaw {Str+3 Dex+5}
 13500 | Bailey   | Identified a scroll of acquirement
 13510 | Bailey   | Acquired the +5 executioner's axe of Netuok {freeze, rC+
                  | Str+3 Int+3}
 13574 | Bailey   | Noticed an orc knight
 13581 | Bailey   | Killed an orc knight
 14039 | D:10     | Found a staircase to the Orcish Mines.
 14051 | D:10     | Reached skill level 11 in Axes
 14220 | D:10     | Noticed a two-headed ogre
 14223 | D:10     | Killed a two-headed ogre
 14432 | Temple   | Learned a level 2 spell: Blink
 14853 | D:9      | Reached skill level 12 in Axes
 15664 | D:10     | Reached skill level 13 in Axes
 15908 | D:10     | Found a shimmering altar of Xom.
 16312 | Lair:1   | Entered Level 1 of the Lair of Beasts
 16329 | D:8      | Reached XP level 12. HP: 40/119 MP: 19/19
 16691 | Lair:1   | Reached skill level 14 in Axes
 17039 | Lair:1   | Reached skill level 15 in Axes
 18046 | Lair:2   | Noticed a seven-headed hydra
 18054 | Lair:2   | Killed a seven-headed hydra
 18055 | Lair:2   | Reached skill level 16 in Axes
 18613 | Lair:2   | Reached skill level 17 in Axes
 18634 | Lair:2   | Found a staircase to the Snake Pit.
 18870 | Lair:2   | Found a shadowy altar of Dithmenos.
 19115 | Lair:2   | Found a staircase to the Shoals.
 19477 | Lair:2   | Noticed a boulder beetle
 19493 | Lair:2   | Killed a boulder beetle
 19655 | Lair:2   | Noticed a skyshark
 19665 | Lair:2   | Slain by a skyshark

Illustrated notes

Levels and vault maps discovered:
D:1:      minmay_arrival_split_and_join, layout_loops_cross
D:2:      layout_basic, serial_shops, shop, chequers_decorated_corner
D:3:      layout_loops_corners, general_overflow_altar, slow_altar_2,
          serial_shops, shop_coins, hellmonk_ecumenical_altar_inner_sanctum,
          ebering_ghost_sewer_d
D:4:      wad_pebble_path, layout_gridville, mainiacjoe_overflow_tiny_flanked,
          enter_ossuary_5, serial_bayou_pond_d
D:5:      layout_rooms, hellmonk_overflow_destroyed_library,
          grunt_gozag_breadcrumbs, mainiacjoe_overflow_cross_hatched
D:6:      layout_basic, gup_sewer_entry_bowl, minivault_4,
          minmay_fractal_squares_gapless_5, uniq_pikel, uniq_jeremiah,
          uniq_prince_ribbit1, uniq_maggie
D:7:      layout_loops_ring, nicolae_kikubaaqudgha_miasma_corner, temple_green
D:8:      layout_cave_pools, nicolae_uskayaw_suspiria,
          mainiacjoe_overflow_catwalk, minmay_lair_entry_grove,
          grunt_decor_fettered, hangedman_feature_mirror
D:9:      layout_irregular_city
D:10:     layout_loops_corners, led_xom_imps, lemuel_round_altar, david_orc_3,
          lightli_bailey_entry_fortress, serial_shops, shop
Temple:   hellmonk_temple_flake
Lair:1:   layout_misc_corridors
Lair:2:   layout_layer_cave, elwin_shoals_entry_rooms,
          guppyfry_snake_entry_garden, basic_altar, grunt_megastairs_3

Skill      XL: |  1  2  3  4  5  6  7  8  9 10 11 12 |
---------------+-------------------------------------+-----
Fighting       | 4 5 6 7 9 10 11 14 15 | 15.0
Armour         | 4 5 |  5.0
Invocations    | 8 10 | 10.0
Axes           | 5 13 17 | 17.9
Dodging        | 5 |  5.0

Action                     |  1- 3 |  4- 6 |  7- 9 | 10-12 || total
---------------------------+-------+-------+-------+-------++-------
  Melee: Hand axe          |   104 |   241 |   305 |       ||   650
         War axe           |       |       |    19 |   220 ||   239
         Executioner's axe |       |       |       |   196 ||   196
         Broad axe         |       |       |       |    19 ||    19
   Fire: Sling             |       |     1 |   143 |   214 ||   358
 Invoke: Convert to Beogh  |       |       |     1 |       ||     1
         Smiting           |       |       |     5 |    18 ||    23
         Recall Orcish Fol |       |       |       |     1 ||     1
         Stop Recall       |       |       |       |     1 ||     1
  Evoke: Wand              |       |       |       |     3 ||     3
    Use: Scroll            |       |     4 |    20 |     6 ||    30
         Potion            |       |     1 |     4 |     3 ||     8
 Armour: Robe              |    26 |       |       |       ||    26
         Ring mail         |    23 |   146 |   320 |   202 ||   691
         Chain mail        |       |       |    25 |       ||    25
         Acid dragon scale |       |       |    16 |   277 ||   293
  Dodge: Dodged            |    46 |   126 |   266 |   388 ||   826
  Block: Buckler           |       |       |       |     8 ||     8

Table legend: (Time is in decaauts)
 A = Elapsed time spent in this place.
 B = Non-inter-level travel time spent in this place.
 C = Inter-level travel time spent in this place.
 D = Time resting spent in this place.
 E = Time spent auto-exploring this place.
 F = Levels seen in this place.
 G = Mean time per level.
                   A        B        C        D        E       F      G
               +--------+--------+--------+--------+--------+-----+--------+
         Total |  20069 |  18401 |   1668 |   5897 |   7342 |  16 | 1254.3 |
       Dungeon |  13362 |  11901 |   1461 |   2701 |   5886 |  10 | 1336.2 |
        Temple |     90 |     85 |      5 |      9 |      0 |   1 |   90.0 |
          Lair |   2838 |   2637 |    201 |    817 |   1368 |   2 | 1419.0 |
         Sewer |    964 |    964 |      0 |    519 |      0 |   1 |  964.0 |
       Ossuary |    593 |    593 |      0 |    324 |      0 |   1 |  593.0 |
        Bailey |   2218 |   2218 |      0 |   1527 |     88 |   1 | 2218.0 |
               +--------+--------+--------+--------+--------+-----+--------+

Top non-repeatable levels by time:
     D:7: 2340 daAuts
  Bailey: 2218 daAuts
    D:10: 1673 daAuts
     D:6: 1610 daAuts
  Lair:2: 1568 daAuts
     D:3: 1485 daAuts
     D:2: 1364 daAuts
  Lair:1: 1270 daAuts
     D:8: 1223 daAuts
     D:4: 1061 daAuts
   Sewer: 964 daAuts
     D:1: 929 daAuts
     D:5: 850 daAuts
     D:9: 824 daAuts
 Ossuary: 593 daAuts
